Map: [ESL] Oceanborn

Players

Nicoract

  • Race: Terran Terran
  • Spawn Location: 5:00

GunGFuBanDa - Winner!

  • Race: Protoss Protoss
  • Spawn Location: 11:00

Event: ESL SC2 Masters 2023 Winter (Regional)

VOD

Have the link to the VOD?

Description

Time

  • Played on: Oct. 29, 2023, 10:40 a.m.
  • Length: 8:32

All games in this series

Show
View Real Time Build Order
Export as new Build Order

Nicoract Terran 

Build Orders: Reaper Expand 

Get SALT Encoding   

  12  0:00  SCV  
  13  0:12  SCV  
  14  0:16  Supply Depot  
  14  0:24  SCV  
  15  0:38  SCV  
  15  0:39  Barracks  
  16  0:42  Refinery  
  16  0:50  SCV  
  17  1:02  SCV  
  18  1:14  SCV  
  19  1:27  Orbital Command, Reaper  
  20  1:41  Command Center  
  20  1:51  Supply Depot  
  20  1:53  SCV  
  21  1:59  Marine  
  22  2:07  SCV  
  22  2:08  Bunker  
  23  2:19  Barracks Reactor  
  23  2:20  Barracks  
  23  2:22  SCV  
  24  2:31  Barracks  
  24  2:34  SCV  
  25  2:42  Engineering Bay  
  25  2:46  SCV  
  25  2:50  Refinery  
  26  2:54  Orbital Command  
  26  2:57  Marine  
  27  2:58  Marine  
  27  3:02  SCV  
  29  3:07  Barracks Tech Lab  
  29  3:10  Terran Infantry Weapons Level 1  
  29  3:14  SCV  
  29  3:17  Marine  
  29  3:18  Marine  
  32  3:20  Barracks Tech Lab  
  32  3:22  SCV  
  32  3:26  SCV  
  34  3:32  Stimpack  
  33  3:34  SCV  
  33  3:35  Marine x2  
  33  3:39  SCV  
  39  3:41  Marauder  
  39  3:44  Marauder  
  39  3:47  SCV  
  42  3:50  Supply Depot  
  42  3:52  Combat Shield  
  42  3:57  SCV  
  42  3:59  SCV  
  42  4:01  Marine x2  
  46  4:12  Supply Depot, Marauder x2  
  46  4:16  SCV x2, Supply Depot  
  52  4:21  Marine x2  
  54  4:33  SCV x2  
  54  4:34  Marauder x2  
  60  4:39  Marine x2  
  60  4:40  Supply Depot  
  62  4:46  SCV  
  62  4:47  SCV  
  62  4:50  Factory  
  64  4:56  Marauder  
  64  4:58  SCV  
  64  4:59  Refinery  
  69  5:00  Marauder, Refinery  
  69  5:01  Marine  
  69  5:02  Marine  
  69  5:05  Terran Infantry Armor Level 1  
  71  5:08  Supply Depot  
  71  5:09  SCV  
  71  5:10  SCV  
  71  5:11  Concussive Shells  
  73  5:20  Marine, Marauder  
  73  5:21  Marauder, SCV  
  78  5:29  Marine  
  78  5:30  SCV  
  78  5:38  SCV, Marine  
  78  5:42  SCV  
  76  5:44  Marauder x2  
  76  5:47  Marine  
  71  5:53  Starport  
  71  5:54  Factory Reactor  
  71  5:56  Marine  
  65  6:01  Barracks  
  65  6:03  Barracks  
  65  6:05  Marine x2  
  65  6:06  Marauder  
  65  6:09  SCV x2  
  71  6:12  Supply Depot  
  71  6:16  Supply Depot x2  
  71  6:20  Marine  
  72  6:25  Marine  
  72  6:26  Marauder  
  73  6:33  Marauder  
  73  6:34  SCV x2  
  77  6:40  Marine  
  77  6:41  Medivac x2, Supply Depot x2  
  77  6:44  Factory Reactor, Marine  
  83  6:49  Marauder, Marine  
  83  6:50  Supply Depot, Marine  
  87  6:57  Marauder  
  87  7:02  Marine  
  87  7:04  Marine  
  89  7:09  Marine x2  
  89  7:11  Medivac x2  
  89  7:13  Marauder  
  97  7:22  Marauder  
  99  7:25  Marine x2  
  99  7:27  Command Center  
  100  7:39  Barracks Tech Lab  
  100  7:40  Barracks Reactor, Marauder  
  100  7:43  Medivac x2, Widow Mine x2  
  110  7:46  SCV x2  
  112  7:52  Marine x2  
  112  7:54  Engineering Bay  
  112  7:55  Armory  
  112  7:56  Supply Depot, Marauder  
  115  7:59  Marine  
  109  8:06  Marauder  
  109  8:09  Marine  
  101  8:16  SCV x2  
Show
View Real Time Build Order
Export as new Build Order

GunGFuBanDa Protoss - Winner!

Build Orders: 1 Gate Expand, Blink Stalkers 

Get SALT Encoding   

  12  0:00  Probe  
  13  0:12  Probe  
  14  0:17  Pylon  
  14  0:24  Probe (Chrono Boost)  
  15  0:37  Gateway, Probe (Chrono Boost)  
  16  0:44  Probe (Chrono Boost)  
  16  0:49  Assimilator  
  17  0:51  Probe  
  18  1:03  Probe  
  19  1:15  Probe  
  20  1:27  Cybernetics Core  
  20  1:34  Nexus  
  20  1:38  Probe  
  21  1:43  Pylon  
  21  1:50  Probe  
  22  1:54  Assimilator  
  22  2:00  Adept (Chrono Boost)  
  22  2:04  Shield Battery  
  22  2:07  Probe  
  25  2:09  Warp Gate  
  25  2:21  Adept (Chrono Boost)  
  25  2:27  Probe  
  28  2:36  Twilight Council  
  28  2:41  Probe (Chrono Boost)  
  28  2:43  Stalker  
  31  2:46  Probe (Chrono Boost)  
  32  2:55  Probe (Chrono Boost)  
  32  2:56  Probe (Chrono Boost)  
  34  3:00  Probe (Chrono Boost)  
  34  3:03  Probe  
  36  3:10  Gateway, Blink (Chrono Boost)  
  36  3:22  Probe (Chrono Boost)  
  36  3:26  Probe (Chrono Boost)  
  38  3:29  Robotics Facility  
  38  3:31  Probe (Chrono Boost)  
  40  3:34  Probe (Chrono Boost)  
  40  3:36  Probe (Chrono Boost)  
  41  3:43  Pylon  
  41  3:48  Probe x2 (Chrono Boost)  
  43  3:58  Nexus  
  43  3:59  Probe (Chrono Boost)  
  43  4:01  Probe (Chrono Boost)  
  45  4:04  Probe  
  45  4:05  Stalker x2  
  50  4:12  Pylon  
  50  4:13  Probe  
  50  4:15  Assimilator  
  51  4:18  Observer, Probe  
  53  4:24  Pylon  
  53  4:28  Probe  
  53  4:30  Probe  
  53  4:32  Shield Battery  
  53  4:33  Stalker  
  53  4:35  Stalker  
  57  4:39  Observer  
  57  4:44  Probe x2  
  60  4:46  Pylon  
  60  4:52  Gateway  
  60  4:54  Gateway  
  60  4:56  Probe  
  60  4:58  Probe  
  62  5:02  Stalker  
  62  5:03  Stalker  
  66  5:08  Probe  
  66  5:10  Probe  
  66  5:12  Shield Battery  
  68  5:17  Immortal (Chrono Boost)  
  72  5:31  Stalker x2  
  74  5:42  Observer  
  73  5:50  Probe (Chrono Boost)  
  73  5:51  Probe (Chrono Boost)  
  73  5:54  Pylon  
  74  6:01  Probe (Chrono Boost)  
  74  6:02  Probe x2 (Chrono Boost)  
  76  6:08  Probe (Chrono Boost)  
  76  6:09  Immortal (Chrono Boost), Probe (Chrono Boost)  
  76  6:10  Probe, Robotics Bay, Forge  
  77  6:12  Observer, Pylon  
  77  6:17  Pylon  
  79  6:20  Observer  
  79  6:21  Sentry  
  79  6:36  Probe (Chrono Boost)  
  79  6:37  Charge (Chrono Boost)  
  79  6:38  Probe x2 (Chrono Boost)  
  79  6:39  Pylon  
  82  6:41  Assimilator  
  82  6:43  Warp Prism (Chrono Boost)  
  82  6:46  Assimilator  
  84  6:48  Probe (Chrono Boost)  
  84  6:51  Zealot x2  
  84  6:53  Probe (Chrono Boost)  
  84  6:54  Probe (Chrono Boost)  
  91  6:55  Probe (Chrono Boost)  
  91  6:57  Observer  
  91  7:00  Probe x2  
  94  7:03  Gateway  
  94  7:04  Pylon  
  94  7:05  Gateway  
  94  7:07  Gateway  
  92  7:08  Observer  
  92  7:09  Colossus (Chrono Boost)  
  92  7:10  Gateway, Pylon  
  92  7:12  Zealot x2  
  92  7:14  Zealot  
  104  7:16  Zealot  
  104  7:22  Observer  
  106  7:27  Probe x2  
  108  7:34  Probe  
  108  7:36  Pylon  
  109  7:38  Pylon  
  109  7:39  Probe  
  115  7:57  Zealot x4  
  123  8:08  Probe x3  
  117  8:15  Stalker  
  117  8:16  Zealot, Stalker x2  
  119  8:23  Zealot x4  
Tags
 
Add a new tag
Caveats
  • Supply blocks, unpowered buildings, or Contaminate may cause inaccurate times.
  • Supply counts are checked every 10 seconds.